 Dungeon Crawl Stone Soup version 0.30.2 (webtiles) character file.

Game seed: 12166913867014401633

4209 drollins the Grappler (level 10, -4/94 HPs)
             Began as a Troll Fighter on Apr 13, 2024.
             Was an Initiate of Wu Jian.
             Slain by a killer bee (8 damage)
             ... on level 8 of the Dungeon on Apr 14, 2024.
             The game lasted 00:31:55 (6181 turns).

drollins the Grappler (Troll Fighter)               Turns: 6181, Time: 00:31:56

Health: -4/94      AC:  4    Str: 30    XL:     10   Next: 8%
Magic:  9/9        EV: 10    Int:  4    God:    Wu Jian [......]
Gold:   233        SH:  9    Dex:  9    Spells: 9/9 levels left

rFire   + .          .
                       - Unarmed
rCold   . . .        b - +0 kite shield
rNeg    . . .        n - +0 robe {rF+}
rPois   .            (helmet restricted)
rElec   .            (no cloak)
rCorr   +            (gloves unavailable)
SInv    .            (boots unavailable)
Will    .....        (no amulet)
Stlth   ++           p - ring of resist corrosion
HPRegen 1.15/turn    z - ring of resist corrosion
MPRegen 0.11/turn

%: no passive effects
@: lethally poisoned (-4 -> -5)
A: large, unfitting armour, claws 3, regeneration 1, shaggy fur 1, tough skin 1
a: Renounce Religion


You were on level 8 of the Dungeon.
You worshipped Wu Jian.
Wu Jian was noncommittal.
You visited 2 branches of the dungeon, and saw 9 of its levels.
You also visited: Sewer.

You collected 307 gold pieces.
You spent 74 gold pieces at shops.

Inventory:

Armour
 a - a +0 robe
 b - a +0 kite shield (worn)
 n - a +0 robe of fire resistance (worn)
Jewellery
 p - a ring of resist corrosion (left claw)
 z - a ring of resist corrosion (right claw)
 G - a +6 ring of intelligence
Wands
 v - a wand of flame (18)
 y - a wand of charming (14)
 A - a wand of iceblast (5)
 C - a wand of quicksilver (10)
 F - a wand of mindburst (13)
Scrolls
 g - 2 scrolls of noise {unknown}
 j - 3 scrolls of poison {unknown}
 l - 3 scrolls of magic mapping {unknown}
 m - a scroll of fear {unknown}
 q - 6 scrolls of identify {unknown}
 r - 3 scrolls of teleportation {unknown}
 u - a scroll of enchant weapon {unknown}
 w - a scroll of immolation {unknown}
 x - a scroll of amnesia {unknown}
 B - a scroll of brand weapon {unknown}
 D - a scroll of enchant armour {unknown}
 E - a scroll of silence {unknown}
Potions
 c - a potion of might
 d - 5 potions of heal wounds
 e - 2 potions of lignification {unknown}
 f - 4 potions of curing {unknown}
 h - a potion of haste {unknown}
 i - a potion of brilliance {unknown}
 k - 3 potions of cancellation {unknown}
 o - a potion of magic {unknown}
 s - a potion of mutation {unknown}
 t - 2 potions of flight


   Skills:
 + Level 4.5 Fighting
 + Level 5.8 Dodging
 + Level 2.0 Stealth
 + Level 6.1 Shields
 + Level 10.4 Unarmed Combat


You had 9 spell levels left.
You didn't know any spells.
Your spell library contained the following spells:

 Spells                   Type           Power      Damage    Failure   Level
 Apportation              Tloc           0%         N/A       69%         1
 Magic Dart               Conj           0%         1d3       69%         1
 Necrotise                Necr           0%         1d4       69%         1
 Summon Small Mammal      Summ           0%         N/A       69%         1
 Ensorcelled Hibernation  Hex/Ice        0%         N/A       83%         2
 Searing Ray              Conj           0%         2d4       83%         2
 Dazzling Flash           Conj/Hex       0%         N/A       96%         3
 Spider Form              Tmut/Pois      0%         N/A       96%         3
 Stone Arrow              Conj/Erth      0%         3d7       96%         3
 Volatile Blastmotes      Fire/Tloc      0%         2d10      96%         3
 Anguish                  Hex/Necr       0%         N/A       100%        4
 Animate Armour           Summ/Erth      0%         N/A       100%        4
 Fulminant Prism          Conj/Hex       0%         3d5       100%        4
 Iskenderun's Mystic Bla  Conj/Tloc      0%         2d3       100%        4
 Starburst                Conj/Fire      0%         6d3       100%        6
 Lehudib's Crystal Spear  Conj/Erth      0%         10d2      100%        8


Dungeon Overview and Level Annotations

Branches:
Dungeon (8/15)             Temple (1/1) D:5           Sewer (visited)
   Lair: D:8-11

Altars:
Ashenzari
Cheibriados
Dithmenos
Elyvilon
Fedhas
Gozag
Makhleb
Nemelex Xobeh
Okawaru
Qazlal
Ru
Trog
Uskayaw
Vehumet
Wu Jian
Xom
Zin
The Shining One

Shops:
D:2 (   D:3 *[

Annotations:
D:6 2 runed translucent doors


Innate Abilities, Weirdness & Mutations

You are too large for most types of armour.
You have claws for hands.
Your natural rate of healing is unusually fast.
You are covered in fur. (AC +1)
You have tough skin. (AC +1)


Message History

You block the killer bee's attack. The killer bee closely misses you.
You block the killer bee's attack.
The killer bee stings you but does no damage.
You miss the killer bee.
You feel very sick. The killer bee barely misses you. x2
You miss the killer bee.
You feel very sick. You block the killer bee's attack.
The killer bee stings you. The killer bee closely misses you. x2
You mangle the killer bee!!
You kill the killer bee!
The Council accepts your kill.
You feel very sick. The killer bee stings you.
You are more poisoned.
The killer bee poisons you! The killer bee closely misses you.
The killer bee stings you.
* * * LOW HITPOINT WARNING * * *
You miss the killer bee.
You feel very sick. The killer bee stings you.
* * * LOW HITPOINT WARNING * * *
The killer bee barely misses you. You block the killer bee's attack. x2
You barely miss the killer bee.
You feel very sick. You block the killer bee's attack.
The killer bee stings you!
* * * LOW HITPOINT WARNING * * *
The killer bee stings you but does no damage.
The killer bee misses you.
You scratch the killer bee but do no damage.
You feel sick. The killer bee stings you.
* * * LOW HITPOINT WARNING * * *
You block the killer bee's attack.
You scratch the killer bee.
The killer bee is lightly wounded.
You feel sick.
The killer bee stings you but does no damage.
The killer bee stings you!
You die...

# ###. #...## .....$
......#### ......{y@# ..
.####.y##### ..
##..l....##.#.
..!..........#.#.#
...............#..#
##.####............## #
.............###.#..#####
# #.#.............>.....
# ##....#.###.##.#####


You could see a wyvern and 2 killer bees.

Vanquished Creatures
  A two-headed ogre (D:6)
  Prince Ribbit (D:7)
  2 yaks (D:6)
  A vampire mosquito (D:6)
  Menkaure (D:4)
  An acid dragon (D:6)
  3 water moccasins
  A sky beast (D:6)
  3 black bears
  2 ice beasts
  An ogre (D:5)
  A centaur (D:7)
  2 kobold brigands
  Blork the orc (D:4)
  A gnoll sergeant (D:6)
  3 bullfrogs
  3 scorpions
  8 killer bees
  2 howler monkeys (D:6)
  2 jellies
  7 hounds
  A gnoll bouda (D:6)
  An orc priest (D:3)
  A sleepcap (D:6)
  An iguana (D:6)
  Robin (D:3)
  6 gnolls
  9 adders
  2 white imps
  2 ufetubi
  2 worms (D:2)
  2 dart slugs
  8 orcs
  9 endoplasms
  2 giant cockroaches
  21 goblins
  8 hobgoblins
  12 jackals
  3 quokkas
  8 ball pythons
  7 bats
  6 frilled lizards
  A goblin skeleton (D:6)
  A goblin zombie (D:6)
  3 hobgoblin zombies (D:6)
  11 kobolds
  3 kobold skeletons (D:6)
  A kobold zombie (D:6)
  2 orc skeletons (D:6)
  5 rats
186 creatures vanquished.

Vanquished Creatures (others)
  A goblin (D:4)
1 creature vanquished.

Grand Total: 187 creatures vanquished

Notes
Turn   | Place    | Note
-------+----------+-------------------------------------------
     0 | D:1      | drollins the Troll Fighter began the quest for the Orb.
     0 | D:1      | Reached XP level 1. HP: 22/22 MP: 0/0
   214 | D:1      | Reached XP level 2. HP: 29/29 MP: 1/1
   732 | D:2      | Reached XP level 3. HP: 36/36 MP: 2/2
   798 | D:2      | Found a faded altar of an unknown god.
  1196 | D:2      | Found Iplolont's Antique Weapon Shop.
  1358 | D:2      | Reached XP level 4. HP: 44/44 MP: 3/3
  1386 | D:2      | Reached skill level 3 in Unarmed Combat
  1639 | D:3      | Reached XP level 5. HP: 52/52 MP: 4/4
  1659 | D:3      | Found Woud's General Store.
  1673 | D:3      | Found Lanisyt's Antique Armour Boutique.
  1706 | D:3      | Bought a runed robe for 74 gold pieces
  2266 | D:4      | Noticed Robin
  2327 | D:3      | Killed Robin
  2328 | D:3      | Reached skill level 4 in Unarmed Combat
  2387 | D:4      | Noticed Blork the orc
  2411 | D:4      | Killed Blork the orc
  2412 | D:4      | Reached XP level 6. HP: 53/59 MP: 5/5
  2540 | D:4      | Found a glowing silver altar of Zin.
  2641 | D:4      | Noticed Menkaure
  2658 | D:4      | Killed Menkaure
  2659 | D:4      | Reached skill level 5 in Unarmed Combat
  2742 | D:5      | Entered Level 5 of the Dungeon
  2778 | D:5      | Reached XP level 7. HP: 67/67 MP: 6/6
  2863 | D:5      | Found a staircase to the Ecumenical Temple.
  2902 | D:5      | Found a glowing drain.
  2911 | Sewer    | Entered a sewer
  3114 | Sewer    | Found a white marble altar of Elyvilon.
  3207 | Temple   | Entered the Ecumenical Temple
  3406 | D:5      | Reached skill level 1 in Stealth
  3406 | D:5      | Reached skill level 6 in Unarmed Combat
  3482 | D:5      | Reached XP level 8. HP: 71/75 MP: 7/7
  4047 | D:6      | Found a glowing golden altar of the Shining One.
  4073 | D:6      | Noticed a two-headed ogre
  4094 | D:6      | Killed a two-headed ogre
  4095 | D:6      | Reached skill level 5 in Shields
  4095 | D:6      | Reached skill level 8 in Unarmed Combat
  4406 | D:6      | Found a large runed translucent door.
  4407 | D:6      | Found a large runed translucent door.
  4423 | D:6      | Found a large runed translucent door.
  4423 | D:6      | Found a large runed translucent door.
  4442 | D:6      | Reached XP level 9. HP: 26/84 MP: 8/8
  4447 | D:6      | HP: 2/84 [yak (14)]
  4449 | D:6      | Reached skill level 5 in Dodging
  4533 | D:6      | Identified the +4 dagger of Day {venom, Dex+4 SInv}
  4565 | D:6      | Reached skill level 9 in Unarmed Combat
  4736 | D:6      | Found an ornate altar of the Wu Jian Council.
  5496 | D:7      | Reached skill level 10 in Unarmed Combat
  5526 | D:7      | Noticed Prince Ribbit
  5536 | D:7      | Killed Prince Ribbit
  5679 | D:7      | Found a radiant altar of Vehumet.
  5864 | D:7      | Reached XP level 10. HP: 59/94 MP: 9/9
  5961 | D:6      | Became a worshipper of the Wu Jian Council
  6181 | D:8      | HP: 4/94 [poisoned by a killer bee]
  6181 | D:8      | Slain by a killer bee

Illustrated notes

Levels and vault maps discovered:
D:1:      onia_arrival_mini_spirals, layout_basic
D:2:      minmay_diamond_boxcup, layout_loops_corners, serial_shops,
          nicolae_shop_behind_doors, dreamdust_ecumenical_altar_statues
D:3:      cheibrodos_greedy_goblins, layout_loops_cross, serial_shops, shop,
          nicolae_shop_window_shopping
D:4:      layout_rooms, zin_treasury, uniq_menkaure, uniq_robin,
          uniq_blork_the_orc
D:5:      layout_basic, minmay_temple_entry_water_ring, portal_sewer_entry_d
D:6:      layout_cave_pods, nicolae_overflow_hidden_temple,
          nicolae_tso_besieged_by_evil, minmay_hollow_rounded_squares
D:7:      layout_basic, kennysheep_mini, uniq_prince_ribbit1
D:8:      minmay_flawed_box, layout_basic, nicolae_transporter_intersection
Temple:   eino_temple_scatter_basement

Skill      XL: |  1  2  3  4  5  6  7  8  9 10 |
---------------+-------------------------------+-----
Shields        | 3 4 5 6 |  6.1
Dodging        | 3 4 5 |  5.8
Unarmed Combat | 3 4 5 6 8 10 | 10.4
Fighting       | 3 4 |  4.5
Stealth        | 1 2 |  2.0

Action                     |  1- 3 |  4- 6 |  7- 9 | 10-12 || total
---------------------------+-------+-------+-------+-------++-------
  Melee: Unarmed           |   111 |   170 |   335 |    21 ||   637
Ability: Lunge             |       |       |       |     1 ||     1
   Stab: Sleeping          |       |     2 |     2 |     2 ||     6
 Armour: Robe              |    26 |    50 |    54 |     8 ||   138
  Dodge: Dodged            |    37 |    73 |   109 |    12 ||   231
  Block: Kite shield       |    37 |    75 |   116 |    21 ||   249
